 Dungeon Crawl Stone Soup version 0.30.1-11-g7821555f0a (webtiles) character file.

Game seed: 18024428883490689207

562 Okkudo the Cleaver (level 7, 0/58 HPs)
             Began as a Hill Orc Monk on Dec 10, 2023.
             Was a Believer of Beogh.
             Slain by an ogre
             ... wielding a +0 giant club
              (13 damage)
             ... on level 5 of the Dungeon.
             The game lasted 00:10:51 (4103 turns).

Okkudo the Cleaver (Hill Orc Monk)                  Turns: 4103, Time: 00:10:52

Health: 0/58       AC: 10    Str: 16    XL:     7   Next: 32%
Magic:  7/7        EV:  8    Int: 10    God:    Beogh [**....]
Gold:   228        SH:  0    Dex: 19    Spells: 6/6 levels left

rFire   + . .        b - +0 war axe
rCold   . . .        d - orb {light}
rNeg    . . .        p - +0 chain mail
rPois   .            (no helmet)
rElec   .            c - +0 cloak
rCorr   .            (no gloves)
SInv    .            o - +0 pair of boots
Will    .....        (no amulet) Stlth
                     y - +6 ring of dexterity
HPRegen 0.29/turn    x - ring of protection from fire
MPRegen 0.10/turn

%: no passive effects
@: glowing
A: no striking features
a: Renounce Religion, Smiting


You were on level 5 of the Dungeon.
You worshipped Beogh.
Beogh was pleased with you.
You visited 1 branch of the dungeon, and saw 5 of its levels.

You collected 228 gold pieces.

Inventory:

Hand Weapons
 b - a +0 war axe (weapon)
Missiles
 r - 3 poisoned darts (quivered)
Armour
 c - a +0 cloak (worn)
 d - an orb of light (worn)
 o - a +0 pair of boots (worn)
 p - a +0 chain mail (worn)
Jewellery
 n - a ring of protection from cold
 x - a ring of protection from fire (right hand)
 y - a +6 ring of dexterity (left hand)
 D - a ring of resist corrosion
Wands
 s - a wand of iceblast (5)
 z - a wand of polymorph (2)
 C - a wand of digging (7)
Scrolls
 a - a scroll of enchant weapon {unknown}
 e - a scroll of amnesia {unknown}
 f - 4 scrolls of enchant armour {unknown}
 h - 2 scrolls of vulnerability {unknown}
 i - 4 scrolls of teleportation {unknown}
 k - 7 scrolls of identify {unknown}
 v - a scroll of torment {unknown}
 E - a scroll of fear {unknown}
 F - a scroll of butterflies {unknown}
 G - a scroll of magic mapping {unknown}
Potions
 g - 2 potions of cancellation {unknown}
 j - 2 potions of lignification
 l - 2 potions of attraction {unknown}
 m - a potion of haste
 q - 3 potions of heal wounds {unknown}
 t - 2 potions of flight {unknown}
 u - a potion of degeneration {unknown}
 w - a potion of brilliance {unknown}
 A - 3 potions of berserk rage {unknown}
 B - a potion of magic {unknown}


   Skills:
 - Level 3.8 Fighting
 * Level 10.5 Axes
 - Level 2.5 Dodging


You had 6 spell levels left.
You didn't know any spells.
Your spell library contained the following spells:

 Spells                   Type           Power      Damage    Failure   Level
 Call Canine Familiar     Summ           0%         N/A       100%        3
 Portal Projectile        Hex/Tloc       0%         N/A       100%        3
 Leda's Liquefaction      Hex/Erth       0%         N/A       100%        4


Dungeon Overview and Level Annotations

Branches:
Dungeon (5/15)
 Temple: D:4-7

Altars:
Ashenzari
Kikubaaqudgha
Nemelex Xobeh
Ru
Xom


Message History

Things that are here:
a +0 short sword; a +0 chain mail; an orc skeleton
Found a glowing emerald potion.
Things that are here:
a +0 club; a +0 leather armour; an orc skeleton
Things that are here:
a +0 short sword; a +0 chain mail; an orc skeleton
Things that are here:
a +0 club; a +0 leather armour; an orc skeleton
Found a purple potion and 11 gold pieces.
A - 3 glowing emerald potions (gained 1)
You now have 228 gold pieces (gained 11).
q - 3 purple potions (gained 1)
You enter the shallow water.
Moving in this stuff is going to be slow.
Why would you want to do that? Why would you want to do that?
Why would you want to do that?
You enter the shallow water.
Moving in this stuff is going to be slow.
An ogre comes into view. It is wielding a +0 giant club.
The ogre shouts!
An ogre is nearby!
The ogre hits you with a +0 giant club!!
You slash the ogre!
The ogre is moderately wounded.
The ogre hits you with a +0 giant club!
You hit the ogre.
The ogre is moderately wounded.
You slash the ogre!
The ogre is severely wounded.
The ogre hits you with a +0 giant club!
* * * LOW HITPOINT WARNING * * *
You completely miss the ogre.
The ogre is severely wounded.
The ogre barely misses you.
You hit the ogre.
The ogre is severely wounded.
The ogre attacks as you move away! The ogre hits you with a +0 giant club!
You die...

..#.......#....#..#.....#........
..........#..####......##......##
.....#....#..##.......###..##..#
.....###...............#.......#
......#...#..>.................#
...#..<..##........⌠..~.~......#
#####..........#.#....~≈~~.....#
# #.........##.##..~≈≈~..#...#
#.........#.@##...~≈~......#
##..........O#..~~~~~......#
#...........#.~....~.....##
#...........#._....)⌠.....#
#...#.......#....##......##
#..###......########....>###
####...............)........
###.............).####....
#....#..............##...#


You could see an ogre.

Vanquished Creatures
  A water moccasin (D:5)
  An ogre (D:4)
  2 scorpions
  A sleepcap (D:5)
  Terence (D:2)
  An iguana (D:5)
  7 adders
  A gnoll (D:3)
  An ufetubus (D:5)
  3 worms
  2 dart slugs
  13 orcs
  4 ball pythons
  7 endoplasms
  3 giant cockroaches
  4 goblins
  7 hobgoblins
  7 jackals
  A quokka (D:1)
  3 bats
  2 frilled lizards
  5 kobolds
  3 rats (D:1)
80 creatures vanquished.

Vanquished Creatures (others)
  A jelly (D:5)
  2 orcs (D:5)
3 creatures vanquished.

Grand Total: 83 creatures vanquished

Notes
Turn   | Place    | Note
-------+----------+-------------------------------------------
     0 | D:1      | Okkudo the Hill Orc Monk began the quest for the Orb.
     0 | D:1      | Reached XP level 1. HP: 19/19 MP: 1/1
   276 | D:1      | Found a faded altar of an unknown god.
   308 | D:1      | Reached XP level 2. HP: 27/27 MP: 2/2
   845 | D:2      | Reached skill level 5 in Axes
   874 | D:2      | Reached XP level 3. HP: 33/33 MP: 3/3
  1187 | D:2      | Noticed Terence
  1194 | D:2      | Killed Terence
  1195 | D:2      | Reached skill level 6 in Axes
  1195 | D:2      | Reached XP level 4. HP: 30/40 MP: 4/4
  1867 | D:3      | Reached skill level 7 in Axes
  1903 | D:3      | Reached XP level 5. HP: 46/46 MP: 5/5
  2098 | D:3      | Found a large runed translucent door.
  2100 | D:3      | Found a large runed translucent door.
  2111 | D:3      | Found a shimmering altar of Xom.
  2133 | D:3      | Paralysed by a kobold for 5 turns
  2668 | D:4      | Reached skill level 8 in Axes
  2874 | D:4      | Found a sparkling altar of Nemelex Xobeh.
  3029 | D:4      | Reached XP level 6. HP: 52/52 MP: 6/6
  3071 | D:4      | Found a sacrificial altar of Ru.
  3107 | D:4      | Reached skill level 9 in Axes
  3494 | D:5      | Entered Level 5 of the Dungeon
  3501 | D:5      | Found an ancient bone altar of Kikubaaqudgha.
  3508 | D:5      | Became a worshipper of Beogh the Brigand
  3508 | D:5      | Reached * piety under Beogh
  3508 | D:5      | Reached ** piety under Beogh
  3628 | D:5      | Found a broken altar of Ashenzari.
  3705 | D:5      | Reached XP level 7. HP: 29/58 MP: 7/7
  3813 | D:5      | Reached skill level 10 in Axes
  4103 | D:5      | Slain by an ogre

Illustrated notes

Levels and vault maps discovered:
D:1:      ncdulo_watergridlock, layout_loops_corners,
          ebering_ecumenical_altar_box
D:2:      layout_loops_ring, uniq_terence
D:3:      due_chaos_kobolds, layout_loops_ring, kennysheep_generic_room_12
D:4:      layout_basic, nicolae_ru_path_of_blood,
          nemelex_xobeh_ov_fountains_minmay, minivault_25,
          chequers_serial_rivers_micro_b
D:5:      layout_cave_pools, kiku_gazebo_pond_becter,
          nicolae_hepliaklqana_ecumenical_no_more, ashenzari_altar_1

Skill      XL: |  1  2  3  4  5  6  7 |
---------------+----------------------+-----
Axes           | 5 6 7 8 9 10 | 10.5
Fighting       | |  3.8
Dodging        | |  2.5

Action                     |  1- 3 |  4- 6 |  7- 9 || total
---------------------------+-------+-------+-------++-------
  Melee: Hand axe          |    30 |       |       ||    30
         War axe           |    41 |   158 |    11 ||   210
 Invoke: Convert to Beogh  |       |     1 |       ||     1
    Use: Potion            |     1 |       |     1 ||     2
 Armour: Robe              |     4 |       |       ||     4
         Ring mail         |    15 |       |       ||    15
         Chain mail        |       |    96 |     1 ||    97
  Dodge: Dodged            |    31 |    73 |     4 ||   108
